 Dungeon Crawl Stone Soup version 0.31.0-11-ge490571c62 (webtiles) character file.

Game seed: 7581163603158733441

331315 Derpydoo the Warrior (level 20, -12/195 HPs)
             Began as a Minotaur Fighter on Feb 1, 2024.
             Was an Elder of Elyvilon.
             Mangled by a sphinx (17 damage)
             ... on level 5 of the Vaults on Feb 5, 2024.
             The game lasted 13:41:00 (59898 turns).

Derpydoo the Warrior (Minotaur Fighter)            Turns: 59898, Time: 13:41:01

Health: -12/195    AC: 33    Str: 30    XL:     20   Next: 87%
Magic:  2/23       EV: 19    Int:  7    God:    Elyvilon [****..]
Gold:   1776       SH: 21    Dex: 24    Spells: 18/20 levels left

rFire   + + +        l - +6 hand axe "Itawazuq" {protect, Fly Str+8 Dex-3}
rCold   . . .        Y - +2 kite shield {AC+3}
rNeg    + + +        r - +7 chain mail {rF+}
rPois   .            Z - +0 hat
rElec   +            R - scarf {repulsion}
rCorr   .            T - +2 pair of gloves {infuse}
SInv    .            h - +2 pair of boots of the Other Side {*Slow rElec rF+ Slay+2}
Will    +....        k - amulet "Jahedez" {Reflect rN+++ Will- Int+2 SH+5} Stlth
                     p - +6 ring of dexterity
HPRegen 0.52/turn    t - ring "Ecotei" {rF+ Will+ Dex+3 Slay+2 Stlth-}
MPRegen 0.18/turn

%: slow self (1%), repel missiles, reflection, infuse magic (1 MP)
@: marked, flying, studying Maces & Flails
A: horns 2, retaliatory headbutt
}: 2/15 runes: decaying, serpentine
a: Renounce Religion, Purification, Heal Other, Heal Self


You were on level 5 of the Vaults.
You worshipped Elyvilon.
Elyvilon was greatly pleased with you.
You visited 6 branches of the dungeon, and saw 35 of its levels.
You also visited: Sewer and Bailey.

You collected 3856 gold pieces.
You spent 2080 gold pieces at shops.

Inventory:

Hand Weapons
 a - a +1 antimagic short sword
 i - a +3 arbalest of flaming
 l - the +6 hand axe "Itawazuq" (weapon) {protect, Fly Str+8 Dex-3}
   (You found it on level 3 of the Dungeon)

   Str+8:     It affects your strength (+8).
   Dex-3:     It affects your dexterity (-3).
   Fly:       It grants you flight.
 L - the +11 war axe "Plog" {elec, Str+5}
   (You found it on level 4 of the Snake Pit)

   Str+5:     It affects your strength (+5).
 M - a +2 battleaxe of freezing
 W - a +2 war axe of flaming
Armour
 h - the +2 pair of boots of the Other Side (worn) {*Slow rElec rF+ Slay+2}
   (You acquired it on level 2 of the Dungeon)

   Slay+2:    It affects your accuracy & damage with ranged weapons and melee
   (+2).
   rF+:       It protects you from fire.
   rElec:     It insulates you from electricity.
   *Slow:     It may slow you when you take damage.
 o - +0 swamp dragon scales
 r - a +7 chain mail of fire resistance (worn)
 R - a scarf of repulsion (worn)
 T - a +2 pair of gloves of infusion (worn)
 U - +0 acid dragon scales
 Y - a +2 kite shield of protection (worn)
 Z - a +0 hat (worn)
Jewellery
 k - the amulet "Jahedez" (around neck) {Reflect rN+++ Will- Int+2 SH+5}
   (You found it on level 2 of the Vaults)

   [amulet of reflection]

   Reflect:   It reflects blocked missile attacks.
   Int+2:     It affects your intelligence (+2).
   rN+++:     It renders you almost immune to negative energy.
   Will-:     It decreases your willpower.
   SH+5:      It affects your SH (+5).
 p - a +6 ring of dexterity (left hand)
 t - the ring "Ecotei" (right hand) {rF+ Will+ Dex+3 Slay+2 Stlth-}
   (You acquired it in a bailey)

   [ring of protection from fire]

   Dex+3:     It affects your dexterity (+3).
   Slay+2:    It affects your accuracy & damage with ranged weapons and melee
   (+2).
   rF+:       It protects you from fire.
   Will+:     It increases your willpower.
   Stlth-:    It makes you less stealthy.
 D - the ring "Ryev" {rCorr SInv}
   (You bought it in a shop on level 3 of the Snake Pit)

   [ring of see invisible]

   SInv:      It lets you see invisible.
   rCorr:     It protects you from acid and corrosion.
 O - a ring of positive energy
 Q - a ring of willpower
Wands
 b - a wand of polymorph (42)
 f - a wand of mindburst (12)
 u - a wand of acid (25)
 C - a wand of digging (30)
 F - a wand of iceblast (20)
 P - a wand of flame (84)
 V - a wand of paralysis (14)
Scrolls
 g - 7 scrolls of amnesia
 s - 6 scrolls of revelation
 w - 6 scrolls of fear
 J - 8 scrolls of fog
Potions
 d - 4 potions of might
 e - 6 potions of heal wounds
 m - 4 potions of haste
 n - 5 potions of brilliance
 q - 10 potions of curing
 x - 3 potions of enlightenment
 z - 4 potions of resistance
 A - 2 potions of magic
 B - 4 potions of ambrosia
 G - 7 potions of cancellation
 H - 2 potions of mutation
 I - 3 potions of lignification
 K - a potion of berserk rage
 N - a potion of invisibility
Miscellaneous
 c - a lightning rod (3/4)
 X - a tin of tremorstones (1/2)


   Skills:
 + Level 20.5 Fighting
 + Level 4.1 Long Blades
 + Level 17.3 Axes
 - Level 18.0 Ranged Weapons
 * Level 20.5 Armour
 * Level 13.1 Dodging
 + Level 3.1 Stealth
 + Level 12.0 Shields
 + Level 0.6 Spellcasting
 * Level 10.2 Translocations
 + Level 5.4 Invocations
 - Level 5.6 Evocations


You had 18 spell levels left.
You knew the following spells:

 Your Spells              Type           Power      Damage    Failure   Level
a - Blink                 Tloc           28%        N/A       3%          2

Your spell library contained the following spells:

 Spells                   Type           Power      Damage    Failure   Level
 Lesser Beckoning         Tloc           28%        N/A       3%          2
 Momentum Strike          Conj/Tloc      14%        3d8       28%         2
 Foxfire                  Conj/Fire      0%         2x1d4     83%         1
 Kiss of Death            Conj/Necr      0%         2d5       83%         1
 Scorch                   Fire           0%         2d5       93%         2
 Confusing Touch          Hex            0%         N/A       99%         3
 Inner Flame              Hex/Fire       0%         N/A       99%         3
 Summon Ice Beast         Ice/Summ       0%         N/A       99%         3
 Cause Fear               Hex            0%         N/A       100%        4
 Dispel Undead            Necr           0%         3d6       100%        4
 Flame Wave               Conj/Fire      0%         2d4       100%        4
 Petrify                  Alch/Erth      0%         N/A       100%        4
 Sticky Flame             Fire/Alch      0%         2d4       100%        4
 Summon Blazeheart Golem  Fire/Summ      0%         N/A       100%        4
 Fireball                 Conj/Fire      0%         3d3       100%        5
 Summon Mana Viper        Hex/Summ       0%         N/A       100%        5
 Yara's Violent Unravell  Hex/Alch       0%         3d3       100%        5
 Conjure Ball Lightning   Conj/Air       0%         3x3d6     100%        6
 Plasma Beam              Fire/Air       0%         2x1d10    100%        6
 Starburst                Conj/Fire      0%         6d3       100%        6
 Summon Cactus Giant      Summ           0%         N/A       100%        6
 Monstrous Menagerie      Summ           0%         N/A       100%        7
 Orb of Destruction       Conj           0%         9d5       100%        7
 Spellforged Servitor     Conj/Summ      0%         N/A       100%        7
 Discord                  Hex            0%         N/A       100%        8
 Disjunction              Tloc           7%         N/A       100%        8
 Dragon's Call            Summ           0%         N/A       100%        9


Dungeon Overview and Level Annotations

Branches:
Dungeon (15/15)            Temple (0/1) D:4            Lair (5/5) D:10
  Swamp (4/4) Lair:3        Snake (4/4) Lair:3        Slime (0/5) Lair:5
    Orc (2/2) D:10            Elf (0/3) Orc:2        Vaults (5/5) D:13
  Crypt (0/3) Vaults:3     Depths (0/4) D:15          Sewer (visited)
 Bailey (visited)

Altars:
Ashenzari
Elyvilon
Hepliaklqana
Kikubaaqudgha
Nemelex Xobeh
Qazlal
Xom
Yredelemnul
Zin
Jiyva

Shops:
D:4 :   D:9 *   Orc:2 :(*[   Snake:1 :   Snake:3 =   Snake:4 *(   Vaults:1 *=?(
Vaults:2 [   Vaults:3 (

Portals:
Trove: D:10 (give +6 demon blade)

Annotations:
Lair:1 1 runed translucent door, bobo's ghost, journeyman DsSh
Lair:5 exclusion: oklob plant
Snake:1 3 runed translucent doors, HilariousDeathArtist's ghost, adept FoAl; Sonipp's ghost, adept GrFi
Vaults:4 3 runed translucent doors, OlivierBoivin's ghost, adept SpHu


Innate Abilities, Weirdness & Mutations

You have a pair of horns on your head.
You reflexively headbutt those who attack you in melee.


Message History

The deep troll is moderately wounded.
The thunderbolt hits the ironbound preserver!!
The ironbound preserver is lightly wounded.
The thunderbolt hits the storm dragon.
The storm dragon completely resists.
The thunderbolt hits the orc knight!
The orc knight is lightly wounded.
The thunderbolt hits the deep troll!
The deep troll is moderately wounded.
The ettin hits you but does no damage. You block the ettin's attack.
The shadow dragon bites you.
* * * LOW HITPOINT WARNING * * *
You block the shadow dragon's attack.
The shadow dragon claws you but does no damage.
The ettin hits you with a +0 dire flail!!
* * * LOW HITPOINT WARNING * * *
You block the ettin's attack.
The orc knight roars a battlecry!
The orc knight goes into a battle-frenzy!
The deep troll misses you. You furiously retaliate!
You headbutt the deep troll!
The deep troll claws you but does no damage.
The deep troll barely misses you.
The shadow dragon breathes negative energy at you.
The bolt of negative energy misses you. The ettin barely misses you.
The ettin hits you with a +0 great mace.
* * * LOW HITPOINT WARNING * * *
The ettin attacks as it pursues you! You block the ettin's attack.
The ettin hits you with a +0 dire flail!
Elyvilon protects you from harm!
Aiming: Throw Flame
Press: ? - help, Q - select action, (/) - cycle Shift-Dir - straight line, f - ettin
Aim: an ettin, wielding a +0 dire flail and a +0 great mace (black smoke, 94% to hit)
Okay, then.
Aiming: Thunderbolt
Press: ? - help, Q - select action, (/) - cycle Shift-Dir - straight line, f - ettin
Aim: an ettin, wielding two +0 dire flails (black smoke)
Okay, then.
Unknown command.
The sphinx attacks as it pursues you! The sphinx hits you!
You die... #####.p..cTC.##### ### #....TTpC.# #..#..pp##'. .###pQ.p# .. .. #.X.D# #TDTo#

#§DC§#
#§§CH#
#.§§@#
#....#
#....#
#....#
#....#
#....#
#....#
#....#
#....#


You could see a golden dragon, a sphinx (strong) and 2 ettins.

Vanquished Creatures
  Jorgrun (Swamp:1)
  A tentacled monstrosity (Vaults:5)
  A lich (Vaults:5)
  Mlioglotl (Lair:3)
  A quicksilver dragon (Vaults:5)
  4 titans
  Frances (D:14)
  Kirke (D:12)
  4 sphinxes
  A thorn hunter (Swamp:1)
  2 tengu reavers
  Donald (Lair:3)
  A nagaraja (Snake:4)
  4 fenstrider witches (Swamp:4)
  A frost giant (Vaults:1)
  15 vault wardens
  3 ghouls (Swamp:3)
  27 ironbound preservers
  2 stone giants
  An orc warlord (Orc:2)
  7 very ugly things
  9 ironbound thunderhulks
  2 eleionomae
  A formless jellyfish (Vaults:4)
  4 bunyips
  A deep elf demonologist (Vaults:5)
  A dire elephant (Vaults:3)
  3 war gargoyles
  A green death (Swamp:4)
  3 ettins (Vaults:3)
  2 eidola (Vaults:4)
  3 crystal guardians
  Snorg (Lair:3)
  8 great orbs of eyes
  An entropy weaver (shapeshifter) (D:14)
  4 entropy weavers
  27 vault guards
  11 yaktaur captains
  3 shambling mangroves
  4 salamander tyrants
  2 spriggan air magi (Swamp:4)
  A hell beast (Swamp:4)
  6 centaur warriors
  10 hydras
  4 ogre magi
  2 ghost crabs
  6 alligators
  11 ironbound frosthearts
  A merfolk avatar (Lair:5)
  3 peacekeepers
  4 boulder beetles
  19 anacondas
  A dancing weapon (D:13)
  2 two-headed ogres
  3 catoblepae
  A deep troll shaman (Vaults:5)
  A death knight (D:14)
  14 naga warriors
  12 death yaks
  Urug (D:12)
  13 naga sharpshooters
  A deep troll earth mage (Vaults:5)
  An occultist (Swamp:4)
  3 orc high priests
  Sonja (D:12)
  9 shock serpents
  2 soul eaters (Swamp:4)
  4 tengu warriors
  2 sixfirhies (Swamp:4)
  Amaemon (Lair:3)
  5 skeletal warriors (D:14)
  3 skysharks
  A shadow wraith (Vaults:3)
  Lodul (D:14)
  8 goliath frogs
  A mana viper (shapeshifter) (D:15)
  4 salamander mystics
  5 swamp dragons
  8 mana vipers
  4 spriggan druids
  3 glowing orange brains
  7 arcanists
  51 deep trolls
  2 harpies
  6 naga ritualists
  3 bog bodies
  4 phantasmal warriors
  12 lindwurms
  19 ironbound convokers
  6 orc knights
  3 deep elf pyromancers
  2 deep elf zephyrmancers (Swamp:4)
  4 orc sorcerers
  22 ugly things
  20 salamanders
  5 cyclopes
  3 will-o-the-wisps
  Maurice (D:7)
  A manticore (D:11)
  13 vault sentinels
  9 cane toads
  15 elephants
  A torpor snail (Lair:4)
  8 guardian serpents
  39 black mambas
  2 unseen horrors (D:10)
  17 naga magi
  A gargoyle (D:14)
  9 komodo dragons
  3 orange demons
  3 rime drakes (Lair:5)
  Maggie (Lair:1)
  3 freezing wraiths (D:14)
  20 yaktaurs
  2 kobold demonologists
  A guardian mummy (D:10)
  4 efreet
  2 hellwings (Swamp:4)
  6 trolls
  A tarantella (Vaults:3)
  A polar bear (shapeshifter) (D:15)
  3 wind drakes (Lair:5)
  8 tyrant leeches
  13 hornets
  17 blink frogs
  Grinder (D:4)
  A snapping turtle (Lair:5)
  5 dream sheep (Lair:5)
  A jumping spider (Vaults:1)
  38 slime creatures
  A yak (shapeshifter) (Vaults:1)
  45 yaks
  3 spriggans (Swamp:2)
  A spriggan (shapeshifter) (D:14)
  2 wraiths (D:11)
  A vampire (D:13)
  3 wargs (Orc:2)
  4 basilisks
  3 wyverns
  7 steam dragons
  Menkaure (D:4)
  8 redbacks
  14 swamp worms
  9 vampire mosquitoes
  2 chaos spawn (Swamp:4)
  26 nagas
  3 acid dragons
  14 water moccasins
  5 swamp drakes
  3 black bears
  2 ice beasts
  42 orc warriors
  12 ogres
  A crocodile (Sewer)
  15 wolves
  2 centaurs
  A phantom (D:5)
  9 kobold brigands
  Blork the orc (Orc:2)
  13 bullfrogs
  A jelly (D:6)
  5 scorpions
  12 wights
  7 killer bees
  6 electric eels
  3 howler monkeys
  3 hounds (D:4)
  A bombardier beetle (D:4)
  18 orc priests
  3 iguanas
  A gnoll bouda (D:10)
  2 sleepcaps
  31 orc wizards
  8 gnolls
  10 adders
  2 river rats (Sewer)
  A shadow imp (D:6)
  2 ufetubi (D:5)
  7 dart slugs
  5 ribbon worms
  114 orcs
  8 endoplasms
  4 giant cockroaches
  17 goblins
  9 hobgoblins
  7 jackals (D:4)
  2 quokkas
  7 ball pythons
  5 bats (D:1)
  5 frilled lizards
  31 kobolds
  12 rats
1374 creatures vanquished.

Vanquished Creatures (others)
  A will-o-the-wisp (Swamp:1)
  3 bloated husks
  An orc priest (Orc:1)
  9 foxfires
14 creatures vanquished.

Grand Total: 1388 creatures vanquished

Notes
Turn   | Place    | Note
-------+----------+-------------------------------------------
     0 | D:1      | Derpydoo the Minotaur Fighter began the quest for the Orb.
     0 | D:1      | Reached XP level 1. HP: 19/19 MP: 0/0
    95 | D:1      | Reached XP level 2. HP: 27/27 MP: 1/1
   678 | D:1      | Reached XP level 3. HP: 32/33 MP: 2/2
   886 | D:2      | Reached XP level 4. HP: 22/40 MP: 3/3
  1269 | D:2      | Identified 3 scrolls of acquirement
  1269 | D:2      | Acquired a +0 arbalest of electrocution
  1282 | D:2      | Acquired the amulet of Behatif {RegenMP rC++ Dex+4 Stlth-}
  1289 | D:2      | Acquired the +2 pair of boots of the Other Side {*Slow
                  | rElec rF+ Slay+2}
  1739 | D:3      | Reached skill level 1 in Ranged Weapons
  1741 | D:3      | Reached XP level 5. HP: 46/46 MP: 4/4
  1768 | D:3      | Identified the +6 hand axe "Itawazuq" {protect, Fly Str+8
                  | Dex-3}
  1902 | D:3      | Found a white marble altar of Elyvilon.
  1907 | D:3      | Became a worshipper of Elyvilon the Healer
  2389 | D:3      | Found a glowing silver altar of Zin.
  2566 | D:4      | Noticed Grinder
  2567 | D:4      | Paralysed by Grinder for 4 turns
  2574 | D:4      | Killed Grinder
  2575 | D:4      | Reached skill level 5 in Axes
  2575 | D:4      | Reached skill level 5 in Armour
  2575 | D:4      | Reached skill level 1 in Dodging
  2575 | D:4      | Reached XP level 6. HP: 36/52 MP: 5/5
  2644 | D:4      | Noticed Menkaure
  2646 | D:4      | Killed Menkaure
  2856 | D:4      | Found a staircase to the Ecumenical Temple.
  2859 | D:4      | Reached XP level 7. HP: 60/60 MP: 6/6
  2899 | D:4      | Found Sinurob's Book Shoppe.
  2964 | D:4      | Reached * piety under Elyvilon
  2965 | D:4      | Found a stormy altar of Qazlal.
  3004 | D:4      | Reached skill level 5 in Ranged Weapons
  3229 | D:5      | Entered Level 5 of the Dungeon
  3380 | D:5      | Reached XP level 8. HP: 67/67 MP: 7/7
  3598 | D:5      | Reached skill level 5 in Fighting
  3766 | D:5      | Reached ** piety under Elyvilon
  4419 | D:6      | Reached *** piety under Elyvilon
  4491 | D:6      | Reached XP level 9. HP: 62/74 MP: 8/8
  4569 | D:6      | Found a glowing drain.
  4573 | Sewer    | Entered a sewer
  5398 | D:7      | Reached skill level 10 in Ranged Weapons
  5399 | D:7      | Found a flagged portal.
  5411 | Bailey   | Entered a bailey
  5428 | Bailey   | Reached **** piety under Elyvilon
  5571 | Bailey   | Noticed an orc high priest
  5611 | Bailey   | Noticed a red devil
  5621 | Bailey   | Noticed an ice devil
  5625 | Bailey   | Noticed a smoke demon
  5625 | Bailey   | Noticed an orange demon
  5922 | Bailey   | Killed an orc high priest
  5923 | Bailey   | Reached skill level 1 in Stealth
  5923 | Bailey   | Reached skill level 1 in Invocations
  5923 | Bailey   | Reached XP level 10. HP: 67/84 MP: 9/9
  6186 | Bailey   | Acquired the ring "Ecotei" {rF+ Will+ Dex+3 Slay+2 Stlth-}
  6233 | Bailey   | Found an iron altar of Okawaru.
  6233 | Bailey   | Noticed an orc high priest
  6245 | Bailey   | Killed an orc high priest
  6308 | Bailey   | Identified the +1 war axe of the Lumpy Lives {drain, rC+
                  | rN+}
  6389 | D:7      | Noticed Maurice
  6394 | D:7      | Maurice stole a +0 arbalest of electrocution
  6395 | D:7      | Killed Maurice
  6496 | D:7      | Found a sparkling altar of Nemelex Xobeh.
  7428 | D:9      | Reached XP level 11. HP: 84/94 MP: 11/11
  7652 | D:9      | Found a broken altar of Ashenzari.
  7668 | D:9      | Found a basalt altar of Yredelemnul.
  7779 | D:9      | Found Ioimnek's Incredible Inventory.
  7813 | D:9      | Bought a scroll of identify for 24 gold pieces
  8201 | D:10     | Entered Level 10 of the Dungeon
  8318 | D:10     | Reached skill level 10 in Axes
  8447 | D:10     | Found a shimmering altar of Xom.
  8448 | D:10     | Found a hazy altar of Hepliaklqana.
  8559 | D:10     | Found a staircase to the Orcish Mines.
  8591 | D:10     | Found a staircase to the Lair.
  8971 | D:10     | Found a portal to a secret trove of treasure.
  9094 | D:10     | Noticed a two-headed ogre
  9102 | D:10     | Killed a two-headed ogre
  9785 | D:11     | Reached ***** piety under Elyvilon
 10055 | D:11     | Identified the +6 falchion of Symmetry {speed, rF+ rC+ rN+
                  | Str-5}
 10179 | D:11     | Reached XP level 12. HP: 104/104 MP: 12/12
 10642 | D:12     | Noticed Urug
 10647 | D:12     | Reached skill level 15 in Ranged Weapons
 10659 | D:12     | Killed Urug
 11064 | D:12     | Noticed Sonja
 11070 | D:12     | Killed Sonja
 11411 | D:12     | Noticed a boulder beetle
 11433 | D:12     | Killed a boulder beetle
 11744 | D:12     | Noticed Kirke
 11756 | D:12     | Killed Kirke
 11757 | D:12     | Reached skill level 10 in Armour
 11875 | D:12     | Reached skill level 1 in Evocations
 12190 | D:13     | Noticed a catoblepas
 12199 | D:13     | Killed a catoblepas
 12222 | D:13     | Noticed a vault guard
 12232 | D:13     | Killed a vault guard
 12239 | D:13     | Noticed a tengu warrior
 12250 | D:13     | Killed a tengu warrior
 12251 | D:13     | Reached skill level 10 in Fighting
 12270 | D:13     | Found a gate to the Vaults.
 12351 | D:13     | Noticed a centaur warrior
 12362 | D:13     | Killed a centaur warrior
 12949 | Orc:1    | Entered Level 1 of the Orcish Mines
 13098 | Orc:1    | Noticed a two-headed ogre
 13110 | Orc:1    | Killed a two-headed ogre
 13111 | Orc:1    | Reached XP level 13. HP: 107/114 MP: 13/13
 13117 | Orc:2    | Entered Level 2 of the Orcish Mines
 13636 | Orc:2    | Reached ****** piety under Elyvilon
 13883 | Orc:2    | Noticed an orc warlord
 13905 | Orc:2    | Killed an orc warlord
 14010 | Orc:2    | Found a staircase to the Elven Halls.
 14053 | Orc:2    | Noticed Blork the orc
 14062 | Orc:2    | Killed Blork the orc
 14084 | Orc:2    | Found Womem's Antique Weapon Shop.
 14099 | Orc:2    | Found Imottuymo's Book Shop.
 14110 | Orc:2    | Found Hynatz's General Store.
 14116 | Orc:2    | Found Cejioj's Antique Armour Shop.
 14161 | Orc:2    | Bought a scroll of identify for 30 gold pieces
 14193 | Orc:2    | Bought a book of Spatial Translocations for 180 gold pieces
 14196 | Orc:2    | Learned a level 2 spell: Blink
 14337 | Orc:1    | You fall into a shaft and drop 1 floor!
 14642 | Lair:1   | Entered Level 1 of the Lair of Beasts
 14642 | Lair:1   | Noticed Maggie
 14660 | Lair:1   | Killed Maggie
 15087 | Lair:1   | Reached skill level 5 in Evocations
 15586 | Lair:1   | Found a runed translucent door.
 15589 | Lair:1   | Noticed bobo's ghost (journeyman DsSh)
 15593 | Lair:1   | Identified the +8 spear of the Old World {freeze, Will+
                  | Str+5}
 17151 | Lair:3   | Reached skill level 1 in Long Blades
 17452 | Lair:2   | Reached XP level 14. HP: 50/124 MP: 14/14
 18259 | Lair:3   | Noticed Snorg
 18269 | Lair:3   | Killed Snorg
 18687 | Lair:3   | Reached skill level 1 in Translocations
 18874 | Lair:3   | Found a staircase to the Snake Pit.
 18901 | Lair:3   | Noticed Amaemon
 18913 | Lair:3   | Killed Amaemon
 19061 | Lair:3   | Identified the +6 flail "Harolod" {heavy, rPois Str-4
                  | Int+3}
 19252 | Lair:3   | Found a staircase to the Swamp.
 20960 | Lair:5   | Entered Level 5 of the Lair of Beasts
 23226 | D:14     | Noticed Lodul
 23228 | D:14     | Noticed Frances
 23270 | D:14     | Killed Lodul
 23650 | D:15     | Entered Level 15 of the Dungeon
 23738 | D:14     | Killed Frances
 23934 | D:14     | Reached skill level 5 in Dodging
 24760 | D:15     | Reached XP level 15. HP: 134/134 MP: 16/16
 26237 | D:15     | Found a staircase to the Depths.
 26590 | Snake:1  | Entered Level 1 of the Snake Pit
 26590 | Snake:1  | Found a runed translucent gate.
 27012 | Snake:1  | Found a runed translucent gate.
 27013 | Snake:1  | Found a runed translucent gate.
 27014 | Snake:1  | Noticed HilariousDeathArtist's ghost (adept FoAl)
 27014 | Snake:1  | Noticed Sonipp's ghost (adept GrFi)
 27136 | Snake:1  | Found Wafeqah's Book Boutique.
 29590 | Snake:2  | Reached skill level 5 in Translocations
 29976 | Snake:2  | Reached skill level 15 in Armour
 30659 | Snake:2  | Reached XP level 16. HP: 132/146 MP: 10/17
 31547 | Snake:3  | Reached skill level 5 in Shields
 32257 | Snake:3  | Acquired a +0 hat
 32323 | Snake:3  | Found Xeaffi's Jewellery Shop.
 32335 | Snake:3  | Bought the ring "Ryev" {rCorr SInv} for 386 gold pieces
 32929 | Snake:3  | Reached skill level 15 in Fighting
 32953 | Snake:4  | Entered Level 4 of the Snake Pit
 32997 | Snake:4  | Identified the +11 war axe "Plog" {elec, Str+5}
 34197 | Snake:4  | Reached skill level 5 in Invocations
 34620 | Snake:4  | Found Jufoewud's General Store.
 34622 | Snake:4  | Found Omyon's Specific Store.
 34630 | Snake:4  | Bought a scroll of identify for 36 gold pieces
 34720 | Snake:4  | Found Fin Leewn's Weapon Emporium.
 36094 | Snake:3  | Reached XP level 17. HP: 150/158 MP: 19/19
 36220 | Snake:4  | Got a serpentine rune of Zot
 36434 | Swamp:1  | Entered Level 1 of the Swamp
 36478 | Swamp:1  | Noticed Mlioglotl
 36745 | Swamp:1  | Noticed Donald
 37208 | Lair:3   | Killed Donald
 37850 | Swamp:1  | Reached skill level 15 in Axes
 37856 | Swamp:1  | Noticed Jorgrun
 37873 | Swamp:1  | Killed Jorgrun
 38017 | Lair:3   | Killed Mlioglotl
 39722 | Swamp:3  | Identified the +2 leather armour of the Salmon {rF+ rN+
                  | Dex+3}
 40627 | Swamp:4  | Entered Level 4 of the Swamp
 44985 | Swamp:4  | Reached skill level 10 in Dodging
 45302 | Swamp:4  | Got a decaying rune of Zot
 45482 | Lair:4   | Reached XP level 18. HP: 112/168 MP: 1/20
 46365 | Lair:5   | Found a viscous altar of Jiyva.
 46372 | Lair:5   | Found a staircase to the Slime Pits.
 46687 | Lair:5   | Identified the +1 robe of the Shore {rC- Str+7}
 47291 | Vaults:1 | Entered Level 1 of the Vaults
 47896 | Vaults:1 | Found Angouming's Distillery.
 47998 | Vaults:1 | Bought a potion of heal wounds for 100 gold pieces
 47998 | Vaults:1 | Bought a potion of haste for 200 gold pieces
 47998 | Vaults:1 | Bought a potion of ambrosia for 160 gold pieces
 47998 | Vaults:1 | Bought a potion of curing for 60 gold pieces
 47998 | Vaults:1 | Bought a potion of heal wounds for 100 gold pieces
 47998 | Vaults:1 | Bought a potion of berserk rage for 100 gold pieces
 47998 | Vaults:1 | Found Savimopa's Assorted Antiques.
 48666 | Vaults:1 | Found Hanatzeast's Antique Weapon Boutique.
 48684 | Vaults:1 | Identified the +1 ring mail "Zangaof" {+Blink rElec Regen+
                  | Dex-4}
 48868 | Vaults:1 | Found Kuaf's Magic Scroll Boutique.
 48873 | Vaults:1 | Got the Vademecum on the Baneful Salamander
 49144 | Vaults:1 | Bought a scroll of teleportation for 66 gold pieces
 49144 | Vaults:1 | Bought a scroll of teleportation for 66 gold pieces
 49144 | Vaults:1 | Bought 3 scrolls of teleportation for 198 gold pieces
 49144 | Vaults:1 | Bought a scroll of identify for 44 gold pieces
 49144 | Vaults:1 | Bought a scroll of revelation for 165 gold pieces
 49144 | Vaults:1 | Bought a scroll of enchant armour for 165 gold pieces
 49467 | Vaults:1 | Found Geuh's Jewellery Shoppe.
 49935 | Vaults:2 | Reached XP level 19. HP: 179/179 MP: 14/21
 50204 | Vaults:2 | Reached skill level 10 in Shields
 50238 | Vaults:2 | Identified the amulet "Jahedez" {Reflect rN+++ Will- Int+2
                  | SH+5}
 51631 | Vaults:2 | Found Soalih's Armour Shop.
 54475 | Vaults:3 | Found Saimy's Weapon Boutique.
 54972 | Vaults:3 | Reached XP level 20. HP: 191/191 MP: 19/22
 55109 | Vaults:3 | Found a staircase to the Crypt.
 55109 | Vaults:3 | Found a basalt altar of Yredelemnul.
 55110 | Vaults:3 | Found an ancient bone altar of Kikubaaqudgha.
 56119 | Vaults:4 | Paralysed by a formless jellyfish for 1 turns
 57086 | Vaults:4 | Found a runed translucent gate.
 57086 | Vaults:4 | Found a runed translucent gate.
 57086 | Vaults:4 | Found a runed translucent gate.
 57087 | Vaults:4 | Noticed OlivierBoivin's ghost (adept SpHu)
 57869 | Vaults:5 | Entered Level 5 of the Vaults
 58257 | Vaults:3 | Reached skill level 10 in Translocations
 59799 | Vaults:5 | Noticed a golden dragon
 59884 | Vaults:5 | HP: 3/195 [tentacled monstrosity (9)]
 59896 | Vaults:5 | HP: 6/195 [ettin/+0 dire flail (24)]
 59897 | Vaults:5 | Elyvilon protects you from harm!
 59898 | Vaults:5 | Mangled by a sphinx

Illustrated notes

Levels and vault maps discovered:
D:1:      mrwooster_arrival_statue_2, layout_basic,
          hangedman_abyss_or_decor_stabs
D:2:      wander_river, layout_loops_ring
D:3:      layout_loops_ring, zin_treasury, nicolae_elyvilon_peaceful_grove,
          serial_rivers, chequers_serial_rivers_micro_b,
          chequers_serial_rivers_large_b, chequers_serial_rivers_large_a,
          chequers_serial_rivers_micro_a, chequers_serial_rivers_micro_c
D:4:      layout_cave_pools, nicolae_overflow_crystal_walls,
          minmay_temple_entry_statues_fountains, serial_shops, shop_statue,
          kennysheep_generic_room_8, uniq_grinder, uniq_menkaure
D:5:      layout_gridville, hangedman_decor_lopped, kennysheep_path_1
D:6:      layout_gridville, gup_sewer_entry_spiral, nrook_pool_corridor
D:7:      layout_loops_ring, lemuel_doored_altar, enter_bailey_5, uniq_maurice
D:8:      layout_rooms
D:9:      layout_loops_cross, nicolae_overflow_hidden_temple,
          old_standard_altar, nicolae_alphabet_shops
D:10:     layout_basic, regret_index_temple_of_mockery, david_lair_shrubbed,
          hiddenorc2_lemuel, nicolae_trove_entry_path_of_doom, minivault_24,
          minmay_joined_circles
D:11:     layout_loops_corners, grunt_ministairs_14
D:12:     layout_layer_cave, uniq_urug, uniq_kirke, uniq_sonja
D:13:     layout_roguey, erik_vaults_1
D:14:     layout_basic, nicolae_figureground_sparkle, uniq_frances, uniq_lodul
D:15:     gammafunk_enter_depths_forms, layout_rooms, hangedman_decor_points
Lair:1:   layout_loops_ring, ebering_ghost_funeral_grove,
          nicolae_quartered_pool_super, uniq_maggie
Lair:2:   layout_cave_pods, grunt_megastairs_1
Lair:3:   layout_big_grid, mainiacjoe_swamp_entry_angry_trees,
          guppyfry_snake_entry_garden, serial_bayou_shore_b, grunt_megastairs_3,
          serial_bayou_shore_a, uniq_amaemon, uniq_snorg
Lair:4:   hellmonk_ruined_rings, layout_regular_city
Lair:5:   gammafunk_lair_ancient_temple, layout_gridlike,
          dpeg_slime_entry_corner
Swamp:1:  layout_falls_marsh, evilmike_swamp_ruin_house_6, uniq_jorgrun,
          uniq_mlioglotl, uniq_donald
Swamp:2:  layout_basic_swamp, evilmike_swamp_ruin_house_3
Swamp:3:  layout_basic_swamp, evilmike_swamp_ruin_rubble_2, swamp_pool_5
Swamp:4:  nzn_swamp_witches_coven, layout_basic_swamp, swamp_pool_4,
          nicolae_swamp_orc_logging_accident
Snake:1:  layout_cave_pods, gammafunk_ghost_cemetery, st_stairs_4,
          minmay_shop_star, grunt_megastairs_5
Snake:2:  layout_chambers
Snake:3:  nicolae_snake_unarmed_stairs_patrol, layout_onion, serial_shops, shop
Snake:4:  grunt_snake_rune_pools, layout_cave_shapes, serial_shops,
          nicolae_shop_real_fake_doors, nicolae_specific_store
Orc:1:    layout_caves
Orc:2:    grunt_orc_cross, layout_diamond_mine
Vaults:1: vaults_mumra_minichess_inversion, vaults_room_pools, v_misc_18,
          vaults_mumra_hexcomb, nicolae_vaults_storage_closets_2, v_misc_13,
          nicolae_vaults_trapezoid_lopsided_1, v_alt_pattern_3,
          nicolae_vaults_storage_closets_3, vaults_room_glass_cross,
          nicolae_vaults_angled_halls, nicolae_vaults_two_Ls,
          nicolae_vaults_three_branches, nicolae_vaults_trapezoid_lopsided_3,
          layout_vaults_maze_snakey, serial_shops, shop,
          nicolae_shop_gaudy_bauble, nicolae_square_shop, shop,
          nicolae_shop_peninsula
Vaults:2: ontoclasm_vaults_twist, v_misc_29, nicolae_vaults_murder_corner,
          ontoclasm_vaults_decontamination, vaults_room_fours,
          nicolae_vaults_house_1, vaults_standard_mumra_enter_the_diamond,
          nicolae_vaults_taking_the_gang_shopping, vaults_dpeg_hooks,
          nicolae_vaults_little_squares_2, nicolae_vaults_border_crossing,
          vaults_room_door_ring, ontoclasm_vaults_eye,
          nicolae_vaults_double_plus_2, layout_vaults_omnigrid
Vaults:3: nicolae_vaults_house_1, minmay_crypt_entry_necro_gods,
          nicolae_vaults_trapezoid_lopsided_1, nicolae_vaults_double_plus_2,
          nicolae_vaults_asterisk, dpeg_vaults_pockets_of_resistance,
          nicolae_vaults_network_quincunx
          [nicolae_vaults_network_quincunx_subvault,
          nicolae_vaults_network_quincunx_subvault,
          nicolae_vaults_network_quincunx_subvault,
          nicolae_vaults_network_quincunx_subvault,
          nicolae_vaults_network_quincunx_subvault], v_misc_26,
          hangedman_vaults_maws, ontoclasm_vaults_chip,
          nicolae_vaults_what_the_h, grunt_vaults_funnel,
          nicolae_vaults_diamond_2, vaults_room_semicircle,
          layout_vaults_big_cross, serial_shops, shop
Vaults:4: gammafunk_ghost_necromancy, nicolae_vaults_stand_back,
          nicolae_vaults_network_star, v_misc_26, v_rooms_1, v_misc_32,
          ontoclasm_vaults_fault, nicolae_vaults_apartment_1, v_misc_25,
          hangedman_vaults_maws, nicolae_vaults_tetromino_T_2,
          layout_vaults_chaotic_city
Vaults:5

Skill      XL: |  1  2  3  4  5  6  7  8  9 10 11 12 13 14 15 16 17 18 19 20 |
---------------+-------------------------------------------------------------+-----
Armour         | 4 5 6 7 8 9 10 11 13 15 16 17 18 19 20 | 20.5
Shields        | 4 5 8 9 10 12 | 12.0
Axes           | 3 4 5 6 8 9 10 12 13 14 15 16 17 | 17.3
Fighting       | 4 5 6 7 9 10 11 12 14 16 18 19 20 | 20.5
Ranged Weapons | 1 3 4 6 9 11 12 14 16 17 18 | 18.0
Dodging        | 1 2 3 4 5 6 8 10 11 12 13 | 13.1
Stealth        | 1 2 3 |  3.1
Invocations    | 1 2 3 5 |  5.4
Evocations     | 3 5 |  5.6
Long Blades    | 1 2 3 4 |  4.1
Translocations | 3 5 6 7 8 9 10 | 10.2
Spellcasting   | |  0.6

Action                     |  1- 3 |  4- 6 |  7- 9 | 10-12 | 13-15 | 16-18 | 19-21 || total
---------------------------+-------+-------+-------+-------+-------+-------+-------++-------
  Melee: War axe           |    79 |    18 |       |       |       |     1 |       ||    98
         Headbutt          |     9 |     6 |    34 |   100 |   214 |   385 |   252 ||  1000
         Hand axe          |       |     8 |   176 |   376 |   701 |  1070 |   678 ||  3009
         Punch             |       |       |       |     7 |    11 |     7 |    13 ||    38
         Scimitar          |       |       |       |       |    22 |    24 |       ||    46
         Flail             |       |       |       |       |     3 |       |       ||     3
   Fire: Arbalest          |       |    28 |   145 |   237 |   525 |   469 |   305 ||  1709
   Cast: Blink             |       |       |       |       |     1 |     3 |     1 ||     5
 Invoke: Heal Self         |       |       |     4 |     3 |    18 |       |    12 ||    37
         Purification      |       |       |       |     4 |    40 |    42 |    11 ||    97
  Evoke: Wand              |       |       |       |     1 |     1 |     1 |       ||     3
         Lightning rod     |       |       |       |       |    16 |    11 |     7 ||    34
         Tin of tremorston |       |       |       |       |       |     2 |     4 ||     6
    Use: Scroll            |     2 |     6 |     3 |    14 |    12 |    26 |    21 ||    84
         Potion            |       |       |     2 |       |     4 |     3 |    11 ||    20
 Armour: Scale mail        |    64 |    37 |    59 |       |       |       |       ||   160
         Chain mail        |       |       |    89 |   430 |   939 |   988 |   664 ||  3110
  Dodge: Dodged            |    39 |    24 |   103 |   176 |   559 |   811 |   538 ||  2250
         Repelled          |       |       |       |       |    20 |    36 |    16 ||    72
  Block: Buckler           |    27 |       |       |       |       |       |       ||    27
         Kite shield       |       |       |       |       |    26 |   536 |   355 ||   917
         Other             |       |       |       |       |       |       |    68 ||    68
         Reflection        |       |       |       |       |       |       |    25 ||    25
